 Dungeon Crawl Stone Soup version 0.31-a0-1074-g0b22e4e0f1 (webtiles) character file.

Game seed: 12941283232055741751

51 Dittersdorf the Trooper (level 3, -2/24 HPs)
             Began as a Gargoyle Fighter on Nov 28, 2023.
             Killed from afar by an orc wizard (11 damage)
             ... with a magic dart
             ... on level 3 of the Dungeon.
             The game lasted 00:01:39 (1533 turns).

Dittersdorf the Trooper (Gargoyle Fighter)          Turns: 1533, Time: 00:01:40

Health: -2/24      AC: 12    Str: 21    XL:     3   Next: 81%
Magic:  3/3        EV:  9    Int:  8    God:
Gold:   67         SH:  4    Dex:  9    Spells: 2/2 levels left

rFire   . . .        a - +0 flail
rCold   . . .        c - +0 buckler
rNeg    + . .        b - +0 scale mail
rPois   ∞            (no helmet)
rElec   +            l - +0 cloak
rCorr   .            p - +0 pair of gloves
SInv    .            (no boots)
Will    .....        (no amulet) Stlth
                     (no ring)
HPRegen 0.24/turn    (no ring)
MPRegen 0.08/turn

%: no passive effects
@: no status effects
A: sickness immunity, AC +3, negative energy resistance 1, electricity
resistance, torment resistance 1, petrification resistance
a: no special abilities


You were on level 3 of the Dungeon.
You visited 1 branch of the dungeon, and saw 3 of its levels.

You collected 67 gold pieces.

Inventory:

Hand Weapons
 a - a +0 flail (weapon)
Missiles
 o - a throwing net
Armour
 b - a +0 scale mail (worn)
 c - a +0 buckler (worn)
 l - a +0 cloak (worn)
 p - a +0 pair of gloves (worn)
Jewellery
 k - a ring of protection from fire
Scrolls
 e - 3 scrolls of identify {unknown}
 g - 2 scrolls of vulnerability {unknown}
 h - a scroll of revelation {unknown}
 i - 2 scrolls of fear {unknown}
 j - a scroll of enchant weapon {unknown}
 m - a scroll of blinking {unknown}
 n - a scroll of fog {unknown}
Potions
 d - a potion of might
 f - 2 potions of lignification {unknown}
 q - a potion of attraction {unknown}


   Skills:
 + Level 3.8 Fighting
 + Level 2.5 Maces & Flails
 + Level 3.8 Armour
 + Level 3.7 Shields


You had 2 spell levels left.
You didn't know any spells.
Your spell library was empty.

Dungeon Overview and Level Annotations

Branches:
Dungeon (3/15)

Altars:

Shops:
D:2 *:*[:


Innate Abilities, Weirdness & Mutations

You are immune to sickness and miasma.
Your stone body is resilient. (AC +3)
You are immune to poison.
You resist negative energy. (rN+)
You are resistant to electric shocks. (rElec)
You are resistant to unholy torment.
You are immune to petrification.


Message History

A magic dart appears from out of thin air!
The magic dart hits you!
You hear some strange, mumbled words.
A puff of flame appears from out of thin air!
The puff of flame misses you.
You closely miss something. Something hits you.
You hit something. Something hits you but does no damage.
You barely miss something. Something hits you but does no damage.
You hear some strange, mumbled words.
A puff of flame appears from out of thin air!
The puff of flame hits you.
* * * LOW HITPOINT WARNING * * *
You closely miss something. Something hits you but does no damage.
You hit something. Something hits you but does no damage.
You barely miss something. Something hits you but does no damage.
You miss something.
Something hits you but does no damage. x2
You closely miss something.
You hear some strange, mumbled words.
Something tries to affect you, but you resist.
You closely miss something. Something hits you but does no damage.
You closely miss something.
You hear some strange, mumbled words.
You are confused.
Something hits you but does no damage.
You miss something. Something hits you.
You completely miss something. Something hits you but does no damage.
You bump into the rock wall.
Something hits you but does no damage.
You bump into the rock wall.
Something hits you.
You closely miss something.
You feel less confused.
Something hits you but does no damage. x2
You hit something. Something hits you but does no damage.
You miss something. Something hits you but does no damage.
You miss something.
Something hits you but does no damage. x2
You closely miss something. Something hits you.
You miss something.
You hear some strange, mumbled words.
A magic dart appears from out of thin air!
The magic dart hits you!
You die...

##########...####.........#
................+.......!.+
##########...####.........#
##### #....# .......# ....#
#....# ....w# ###.# #.####
...# #.# #.# ######'# # #.#
#.# #.{wo..# # #.# #.#
#@###..# # #.#
#.######.###..###### # #.#
#...........<....... ###.#
#######†.#......#### ....#
#..#.#...## #####
#..#.#...# # #......#.#
#.##....... #.####.#.###


You could see a worm and an orc.

Vanquished Creatures
  2 adders (D:2)
  2 dart slugs (D:2)
  An orc (D:3)
  3 ball pythons
  3 endoplasms
  4 hobgoblins
  2 jackals (D:1)
  3 bats
  2 frilled lizards
  2 goblins
  2 kobolds (D:2)
  2 rats (D:1)
28 creatures vanquished.

Notes
Turn   | Place    | Note
-------+----------+-------------------------------------------
     0 | D:1      | Dittersdorf the Gargoyle Fighter began the quest for the
                  | Orb.
     0 | D:1      | Reached XP level 1. HP: 14/14 MP: 1/1
   249 | D:1      | Reached XP level 2. HP: 19/19 MP: 2/2
   775 | D:2      | Found Luuma's Book Emporium.
   823 | D:2      | Found Soades's Armour Emporium.
   838 | D:2      | Reached XP level 3. HP: 24/24 MP: 3/3
   916 | D:2      | Found Huymacli's Assorted Antiques.
   968 | D:2      | Found Majiuf's Book Boutique.
  1127 | D:2      | Found Kisiquth's Assorted Antiques.
  1237 | D:2      | Found a faded altar of an unknown god.
  1533 | D:3      | Killed from afar by an orc wizard

Illustrated notes

Levels and vault maps discovered:
D:1:      shiori_arrival_elements, layout_basic
D:2:      layout_rooms, shapermc_ecumenical_altar_notcrosses, serial_shops,
          nicolae_shop_just_a_little_nook, nicolae_shop_just_a_little_nook,
          nicolae_shop_peninsula, nicolae_book_shop_shelving,
          nicolae_shop_tiny_waterfront, nicolae_half_adder
D:3:      layout_loops_corners, tso_metal_star, minmay_statues_item,
          roderic_batcave

Action                     || total
---------------------------++-------
  Melee: Flail             ||   129
 Armour: Scale mail        ||   121
  Dodge: Dodged            ||    55
  Block: Buckler           ||    21

Table legend: (Time is in decaauts)
 A = Elapsed time spent in this place.
 B = Non-inter-level travel time spent in this place.
 C = Inter-level travel time spent in this place.
 D = Time resting spent in this place.
 E = Time spent auto-exploring this place.
 F = Levels seen in this place.
 G = Mean time per level.
                   A        B        C        D        E       F      G
               +--------+--------+--------+--------+--------+-----+--------+
         Total |   1573 |   1453 |    120 |      0 |   1124 |   3 |  524.3 |
       Dungeon |   1573 |   1453 |    120 |      0 |   1124 |   3 |  524.3 |
               +--------+--------+--------+--------+--------+-----+--------+

Top non-repeatable levels by time:
     D:1: 767 daAuts
     D:2: 646 daAuts
     D:3: 159 daAuts
